 Dungeon Crawl Stone Soup version 0.30-a0-937-ga0a21ad780 (webtiles) character file.

Game seed: 13134761458132105003

88703 Iniera the Warrior (level 15, -4/104 HPs)
             Began as a Tengu Monk on Mar 25, 2023.
             Was the Champion of Makhleb.
             Slain by a two-headed ogre
             ... wielding a +0 giant spiked club
              (23 damage)
             ... on level 1 of the Orcish Mines.
             The game lasted 00:39:19 (17205 turns).

Iniera the Warrior (Tengu Monk)                    Turns: 17205, Time: 00:39:20

Health: -4/104     AC: 21    Str: 12    XL:     15   Next: 94%
Magic:  17/17      EV: 26    Int: 11    God:    Makhleb [******]
Gold:   1979       SH:  0    Dex: 23    Spells: 14/14 levels left

rFire   . . .      SeeInvis .    a - +0 scimitar (freeze)
rCold   . . .      Faith    .    (no shield)
rNeg    . . .      Spirit   .    E - +0 acid dragon scales
rPois   +          Reflect  .    r - +2 hat
rElec   .          Rampage  .    j - +2 cloak
rCorr   +                        g - +1 Delatra's gloves {ID++}
Will    +....                    (boots unavailable)
Stlth   ++                       s - amulet of regeneration
HPRegen 1.17/turn                p - +4 ring of protection
MPRegen 0.15/turn                I - ring of poison resistance

@: on berserk cooldown, flying quickly and evasively, slowed, studying Ranged
Weapons, very slow
A: beak, talons 3, nimble flight
a: Renounce Religion, Minor Destruction, Lesser Servant of Makhleb, Major
Destruction, Greater Servant of Makhleb


You were on level 1 of the Orcish Mines.
You worshipped Makhleb.
Makhleb was exalted by your worship.
You visited 4 branches of the dungeon, and saw 20 of its levels.
You also visited: Sewer.

You collected 2222 gold pieces.
You spent 243 gold pieces at shops.

Inventory:

Hand Weapons
 a - a +0 scimitar of freezing (weapon)
 b - a +0 heavy longbow
 O - a +1 rapier of venom
 P - a +0 great sword
Missiles
 x - 4 throwing nets (quivered)
Armour
 g - the +1 Delatra's gloves (worn) {ID++}
   (You found it on level 3 of the Dungeon)

   ID++:      It heals its wearer when they drink unknown potions, and restores
   their MP when they read unknown scrolls.
 j - a +2 cloak (worn)
 r - a +2 hat (worn)
 E - +0 acid dragon scales (worn)
Jewellery
 p - a +4 ring of protection (left hand)
 s - an amulet of regeneration (around neck)
 I - a ring of poison resistance (right hand)
 J - a ring of willpower
 L - a ring of protection from cold
 S - a ring of willpower
Wands
 m - a wand of flame (32)
 q - a wand of light (9)
 t - a wand of paralysis (22)
 G - a wand of iceblast (12)
 Q - a wand of polymorph (3)
Scrolls
 e - 7 scrolls of identify
 i - 8 scrolls of teleportation
 k - 4 scrolls of magic mapping
 n - 2 scrolls of vulnerability
 o - 3 scrolls of blinking
 v - 2 scrolls of enchant weapon
 w - 3 scrolls of fog
 y - 3 scrolls of immolation
 K - a scroll of silence
 N - 3 scrolls of amnesia
Potions
 c - a potion of ambrosia
 d - 4 potions of haste
 f - 5 potions of might
 h - 9 potions of curing
 l - 8 potions of attraction
 u - 2 potions of brilliance
 A - 2 potions of cancellation
 B - a potion of magic
 C - a potion of resistance
 D - 3 potions of invisibility
 F - 2 potions of heal wounds
 H - 3 potions of lignification


   Skills:
 + Level 16.2 Fighting
 * Level 16.1 Long Blades
 - Level 6.1 Ranged Weapons
 + Level 13.0 Armour
 + Level 13.5 Dodging
 - Level 2.0 Stealth
 - Level 1.8 Invocations


You had 14 spell levels left.
You didn't know any spells.
Your spell library contained the following spells:

 Spells                   Type           Power      Damage    Failure   Level
 Magic Dart               Conj           0%         1d3       43%         1
 Call Imp                 Summ           0%         N/A       56%         2
 Mephitic Cloud           Conj/Pois/Air  0%         N/A       80%         3
 Ozocubu's Armour         Ice            0%         N/A       80%         3
 Spider Form              Tmut/Pois      0%         N/A       80%         3
 Airstrike                Air            0%         2d(0-16)  99%         4
 Petrify                  Tmut/Erth      0%         N/A       99%         4
 Summon Lightning Spire   Summ/Air       0%         N/A       99%         4
 Blade Hands              Tmut           0%         N/A       100%        5
 Plasma Beam              Fire/Air       0%         2x1d11    100%        5
 Conjure Ball Lightning   Conj/Air       0%         3x3d6     100%        6
 Ozocubu's Refrigeration  Ice            0%         4d7       100%        7
 Discord                  Hex            0%         N/A       100%        8
 Disjunction              Tloc           0%         N/A       100%        8
 Necromutation            Tmut/Necr      0%         N/A       100%        8


Dungeon Overview and Level Annotations

Branches:
Dungeon (12/15)            Temple (1/1) D:7            Lair (5/5) D:11
 Shoals (0/4) Lair:3        Snake (0/4) Lair:3        Slime (0/5) Lair:4
    Orc (2/2) D:10            Elf (0/3) Orc:2         Sewer (visited)

Altars:
Elyvilon
Fedhas
Hepliaklqana
Nemelex Xobeh
Qazlal
Sif Muna
Trog
Uskayaw
Vehumet
Xom
The Shining One
Jiyva

Shops:
D:5 ?   D:8 ?[?*=   D:10 =   Orc:2 **(*(

Annotations:
Lair:2 2 runed translucent doors, Sovesh's ghost, journeyman OpCj


Innate Abilities, Weirdness & Mutations

You have a beak for a mouth.
You have claws for feet.
Your magical nature lets you fly swiftly and evasively.


Message History

Rupert roars wildly at you.
You suddenly lose the ability to move!
You can move again.
Unknown command.
Unknown command.
A red film seems to cover your vision as you go berserk!
You feel yourself moving faster!
You feel mighty!
You barely miss Rupert. You claw Rupert! You peck Rupert.
Rupert is moderately wounded.
You slash Rupert! You freeze Rupert. Your kick misses Rupert. You peck Rupert.
Rupert is heavily wounded.
Rupert completely misses you.
You slice Rupert!! You freeze Rupert. You claw Rupert!
You peck Rupert, but do no damage.
Rupert is almost dead.
You hit Rupert. You freeze Rupert. You claw Rupert!
Rupert is almost dead.
You hit Rupert. You freeze Rupert.
You kill Rupert!
Makhleb accepts your kill.
You feel better.
You start resting.
You feel a strong urge to attack something.
You start resting.
You feel your anger nearly subside.
You are no longer berserk.
You are exhausted.
You feel yourself slow down.
You start resting.
A two-headed ogre is nearby!
The two-headed ogre hits you with a +0 giant spiked club!
* * * LOW HITPOINT WARNING * * *
The two-headed ogre hits you with a +0 giant club!
* * * LOW HITPOINT WARNING * * *
Items here: ! $ ) [ †.
You slash the two-headed ogre! You freeze the two-headed ogre.
Your kick misses the two-headed ogre. You peck the two-headed ogre.
The two-headed ogre is severely wounded.
The two-headed ogre misses you.
The two-headed ogre hits you with a +0 giant club!!
You die...

##...........###...##.#...).....
#.........####....#............
##.#...#...#.##............[).[
###..........#.).....[).#.)...
##..................[.[..#.#
#.........#....#.##.......[
##...........#.#.####......
##.....##..O......##.......
#.......##@#.#.#.####......
##.#...###.####### ####...
##.#....#...# #... #...#..###.##
##.. ##.##### ### ##.# ### #...
##.# ###


You could see a two-headed ogre.

Vanquished Creatures
  Rupert (Orc:1)
  An orc warlord (Orc:2)
  An ettin (Orc:1)
  Harold (Lair:1)
  4 hydras
  An ogre mage (Orc:1)
  A boulder beetle (Lair:5)
  4 catoblepae (Lair:5)
  9 two-headed ogres
  17 death yaks
  Amaemon (D:8)
  3 skysharks
  2 orc sorcerers (Orc:2)
  2 cyclopes
  An ugly thing (D:10)
  12 elephants
  2 manticores (Lair:5)
  3 black mambas
  An orange demon (D:8)
  Maggie (D:5)
  A torpor snail (Lair:4)
  6 cane toads
  6 komodo dragons
  10 rime drakes
  A kobold demonologist (D:12)
  6 trolls
  2 polar bears
  2 hornets
  Grinder (Sewer)
  43 blink frogs
  3 shadows
  A wraith (D:8)
  A vampire (D:12)
  8 wyverns
  68 yaks
  2 vampire mosquitoes (D:12)
  Menkaure (D:6)
  3 basilisks
  4 steam dragons
  3 nagas (Lair:3)
  A warg (Orc:1)
  Edmund (D:5)
  4 acid dragons
  13 water moccasins
  2 ice beasts
  15 orc warriors
  A sky beast (D:8)
  4 black bears
  11 ogres
  31 wolves
  6 centaurs
  A phantom (D:7)
  4 kobold brigands
  A gnoll sergeant (D:8)
  8 bullfrogs
  5 wights (D:8)
  9 killer bees
  A howler monkey (D:9)
  7 electric eels
  3 gnoll boudas
  4 lava snakes (Lair:5)
  A quasit (Sewer)
  16 orc priests
  2 jellies (D:7)
  Crazy Yiuf (D:3)
  3 hounds
  An iguana (D:5)
  18 orc wizards
  10 hell rats
  9 adders
  21 gnolls
  4 shadow imps (Sewer)
  3 ufetubi
  2 worms (D:5)
  2 dart slugs
  57 orcs
  4 endoplasms
  3 giant cockroaches
  6 goblins
  9 hobgoblins
  11 jackals
  6 quokkas
  4 ball pythons
  7 bats
  3 frilled lizards (D:1)
  23 kobolds
  3 kobold zombies (Sewer)
  8 rats
609 creatures vanquished.

Vanquished Creatures (others)
  2 gnolls (D:9)
  A giant cockroach zombie (Sewer)
  32 fungi
  47 plants
82 creatures vanquished.

Grand Total: 691 creatures vanquished

Notes
Turn   | Place    | Note
-------+----------+-------------------------------------------
     0 | D:1      | Iniera the Tengu Monk began the quest for the Orb.
     0 | D:1      | Reached XP level 1. HP: 14/14 MP: 2/2
   147 | D:1      | Reached XP level 2. HP: 18/19 MP: 3/3
   488 | D:1      | Reached XP level 3. HP: 23/23 MP: 4/4
  1080 | D:2      | Found a faded altar of an unknown god.
  1516 | D:2      | Reached XP level 4. HP: 29/29 MP: 5/5
  1765 | D:3      | Found the +1 Delatra's gloves {ID++}
  1864 | D:3      | Gained mutation: Your magical nature lets you fly swiftly
                  | and evasively. [Tengu growth]
  1864 | D:3      | Reached XP level 5. HP: 28/34 MP: 6/6
  1867 | D:3      | Reached skill level 5 in Long Blades
  2001 | D:3      | Found a runed translucent door.
  2002 | D:3      | Noticed Crazy Yiuf
  2076 | D:3      | Identified the +7 spear "Ozocw" {heavy, +Blink Str+6 Dex+3
                  | Stlth+}
  2142 | D:3      | Killed Crazy Yiuf
  2419 | D:3      | Identified the +7 quarterstaff "Muaroz" {flame, rN+}
  2818 | D:4      | Found a sparkling altar of Nemelex Xobeh.
  2819 | D:4      | Found a shimmering altar of Xom.
  2819 | D:4      | Found a white marble altar of Elyvilon.
  2820 | D:4      | Found a radiant altar of Vehumet.
  2822 | D:4      | Found a stormy altar of Qazlal.
  2959 | D:4      | Reached skill level 1 in Armour
  2959 | D:4      | Reached XP level 6. HP: 34/40 MP: 7/7
  3043 | D:5      | Entered Level 5 of the Dungeon
  3118 | D:5      | Noticed a black bear
  3123 | D:5      | Killed a black bear
  3124 | D:5      | Reached skill level 5 in Fighting
  3146 | D:5      | Found Zugub's Magic Scroll Emporium.
  3155 | D:5      | Bought a scroll of enchant weapon for 75 gold pieces
  3155 | D:5      | Bought a scroll of fog for 40 gold pieces
  3211 | D:5      | Noticed a wyvern
  3213 | D:5      | Noticed a shadow
  3219 | D:5      | Killed a wyvern
  3220 | D:5      | Reached XP level 7. HP: 34/44 MP: 8/8
  3223 | D:5      | Killed a shadow
  3242 | D:5      | Noticed Edmund
  3249 | D:5      | Killed Edmund
  3553 | D:5      | Reached XP level 8. HP: 40/51 MP: 9/9
  3585 | D:5      | Found a blossoming altar of Fedhas.
  3653 | D:5      | Found a glowing drain.
  3673 | Sewer    | Entered a sewer
  3778 | Sewer    | Found a burning altar of Makhleb.
  3792 | Sewer    | Reached skill level 5 in Dodging
  3800 | Sewer    | Became a worshipper of Makhleb the Destroyer
  3800 | Sewer    | Reached * piety under Makhleb
  3800 | Sewer    | Reached ** piety under Makhleb
  3857 | Sewer    | Noticed Grinder
  3884 | Sewer    | Killed Grinder
  4223 | D:6      | Noticed Maggie
  4353 | D:5      | Killed Maggie
  4354 | D:5      | Reached XP level 9. HP: 47/56 MP: 10/10
  4763 | D:6      | Noticed Menkaure
  4969 | D:6      | Found a hide-covered altar of Uskayaw.
  4969 | D:6      | Found a shimmering blue altar of Sif Muna.
  5083 | D:6      | Killed Menkaure
  5084 | D:6      | Reached skill level 5 in Armour
  5185 | D:6      | Reached *** piety under Makhleb
  5461 | D:7      | Noticed a troll
  5469 | D:7      | Killed a troll
  5521 | D:7      | Identified the +9 spear of Muwaoc {heavy, rPois Str+3}
  5634 | D:7      | Found a staircase to the Ecumenical Temple.
  5643 | Temple   | Entered the Ecumenical Temple
  5674 | D:7      | Reached skill level 10 in Long Blades
  5855 | D:7      | Identified the ring "Kipepp" {Ice *Slow rPois Str+3 Dex-5
                  | SInv}
  5927 | D:8      | Found Vaomnaze's Assorted Antiques.
  5944 | D:8      | Bought a scroll labelled QIODAST FIKY for 31 gold pieces
  5944 | D:8      | Acquired a manual of Ranged Weapons
  5952 | D:8      | Found Loickuor's Magic Scroll Emporium.
  5954 | D:8      | Found Luox Mee's Magic Scroll Shoppe.
  5957 | D:8      | Bought a scroll of enchant armour for 97 gold pieces
  5958 | D:8      | Found Ruasm's Antique Armour Shoppe.
  6008 | D:8      | Reached skill level 1 in Ranged Weapons
  6135 | D:8      | Reached XP level 10. HP: 62/63 MP: 11/11
  6336 | D:8      | Found Cyeddur's Jewellery Shoppe.
  6447 | D:8      | Noticed an orange demon
  6448 | D:8      | Noticed Amaemon
  6456 | D:8      | Killed an orange demon
  6465 | D:8      | Killed Amaemon
  6521 | D:8      | Found a faded altar of an unknown god.
  6526 | D:8      | Found a hazy altar of Hepliaklqana.
  6688 | D:8      | Reached skill level 5 in Ranged Weapons
  6692 | D:8      | Reached **** piety under Makhleb
  7581 | D:10     | Entered Level 10 of the Dungeon
  7605 | D:10     | Reached XP level 11. HP: 57/69 MP: 12/12
  7856 | D:10     | Found a staircase to the Orcish Mines.
  8390 | D:10     | Found Tiethroti's Jewellery Shoppe.
  8766 | D:11     | Noticed a death yak
  8768 | D:11     | Noticed a death yak
  8768 | D:11     | Noticed a death yak
  8768 | D:11     | Noticed a death yak
  8770 | D:11     | Noticed a red ugly thing
  8770 | D:11     | Noticed a death yak
  8788 | D:10     | Killed a death yak
  8815 | D:11     | Noticed a death yak
  8828 | D:10     | Killed a death yak
  8840 | D:10     | Killed a death yak
  8866 | D:10     | Killed a death yak
  8891 | D:10     | Killed a red ugly thing
  8938 | D:10     | Killed a death yak
  8946 | D:10     | Killed a death yak
  9001 | D:11     | Found a staircase to the Lair.
  9090 | D:11     | Reached XP level 12. HP: 67/77 MP: 13/13
  9142 | D:11     | Reached ***** piety under Makhleb
  9526 | D:11     | Reached skill level 10 in Dodging
  9526 | D:11     | Reached skill level 1 in Invocations
  9714 | D:12     | Reached skill level 10 in Fighting
  9907 | D:12     | Noticed a two-headed ogre
  9914 | D:12     | Killed a two-headed ogre
  9919 | D:12     | Identified the +1 robe of Otwumihi {rN+}
 10258 | Lair:1   | Entered Level 1 of the Lair of Beasts
 10455 | Lair:1   | You are sucked into a shaft and drop 1 floor!
 10501 | Lair:1   | Reached XP level 13. HP: 88/88 MP: 15/15
 10509 | Lair:1   | Noticed Harold
 10526 | Lair:1   | Killed Harold
 10527 | Lair:1   | Reached skill level 10 in Armour
 10942 | Lair:1   | Got the Quarto of Grey Teratogeny
 11451 | Lair:2   | Found a large runed translucent door.
 11452 | Lair:2   | Found a large runed translucent door.
 11454 | Lair:2   | Noticed Sovesh's ghost (journeyman OpCj)
 12114 | Lair:3   | Reached XP level 14. HP: 96/96 MP: 16/16
 12401 | Lair:3   | Found a staircase to the Shoals.
 12855 | Lair:3   | Found a staircase to the Snake Pit.
 12865 | Lair:3   | Reached ****** piety under Makhleb
 13618 | Lair:4   | Reached skill level 15 in Fighting
 14418 | Lair:4   | Found a viscous altar of Jiyva.
 14418 | Lair:4   | Found a staircase to the Slime Pits.
 14695 | Lair:5   | Entered Level 5 of the Lair of Beasts
 14769 | Lair:5   | Reached XP level 15. HP: 89/103 MP: 17/17
 15158 | Lair:5   | Reached skill level 15 in Long Blades
 15524 | Lair:5   | Identified the +5 trident of the Freezing Hawk {heavy,
                  | Dex+2}
 16316 | Orc:1    | Entered Level 1 of the Orcish Mines
 16316 | Orc:1    | Found a bloodstained altar of Trog.
 16703 | Orc:2    | Entered Level 2 of the Orcish Mines
 16703 | Orc:2    | Found Haiph's Weapon Shoppe.
 16703 | Orc:2    | Found a staircase to the Elven Halls.
 16729 | Orc:2    | Noticed an orc warlord
 16986 | Orc:2    | Killed an orc warlord
 17053 | Orc:2    | Found Hygeg's Antique Weapon Shop.
 17054 | Orc:2    | Found Xucont's General Store.
 17056 | Orc:2    | Found Faqecs's Assorted Antiques.
 17056 | Orc:2    | Found Rufowall's General Store.
 17153 | Orc:2    | Noticed Rupert
 17176 | Orc:1    | HP: 2/104 [Rupert/+6 battleaxe of venom (21)]
 17184 | Orc:1    | Paralysed by Rupert for 5 turns
 17195 | Orc:1    | Killed Rupert
 17205 | Orc:1    | Slain by a two-headed ogre

Illustrated notes

Levels and vault maps discovered:
D:1:      beargit_arrival_greenhouse, layout_basic, minmay_unequal
D:2:      layout_loops_ring, shapermc_ecumenical_altar_mp_urbaneastern,
          minmay_heptomino_o4
D:3:      layout_basic, minmay_misc_feat_plants, uniq_crazy_yiuf_cottage
D:4:      layout_cave_pools, minitemple, dk_noncrumbling_2
D:5:      kennysheep_big_flooded_room, layout_loops_ring,
          mainiacjoe_overflow_chevrons, serial_shops, shop,
          cheibrodos_sewer_entry_bend, uniq_edmund
D:6:      layout_cave_pools, chequers_temple_overflow_statue_of_worship,
          serial_co_window_serial, co_window_of_opportunity_a,
          co_window_of_opportunity_a, co_window_of_opportunity_a,
          co_window_paths_b, co_window_paths_a, co_window_broadway_c,
          co_window_cross_4, co_window_2corner, co_window_of_opportunity_b,
          co_window_unsneaky_path_b, co_window_corner_cb, co_window_paths_d,
          glass_columns_a, glass_columns_a, glass_columns_c, glass_columns_a,
          uniq_maggie, uniq_menkaure
D:7:      layout_rooms, minmay_temple_entry_overgrown
D:8:      layout_loops_ring, beargit_hepliaklqana_dungeon_heroes, serial_shops,
          nicolae_shop_waterfront, nicolae_diamond_shop,
          nicolae_shop_statue_plus, nicolae_shop_window_shopping, shop,
          kennysheep_donut, minivault_25, uniq_amaemon
D:9:      layout_cross
D:10:     layout_basic, david_orc_4, serial_shops, nicolae_inconvenience_store,
          nicolae_figureground_sparkle
D:11:     layout_long_grid, dpeg_lair_monsters
D:12:     layout_loops_cross
Temple:   dshaligram_water_room_temple
Lair:1:   layout_regular_city, uniq_harold
Lair:2:   layout_big_grid, ebering_ghost_disaster_area, grunt_megastairs_2
Lair:3:   layout_cave_shapes, minmay_shoals_entry_centaurs,
          nicolae_snake_entry_squirm
Lair:4:   layout_long_grid, slime_entry_1, special_room
          [special_room_mythical_zoo], grunt_megastairs_4
Lair:5:   evilmike_catoblepas_cave, layout_loops_ring,
          nicolae_lair_liquid_snakes, grunt_megastairs_3
Orc:1:    layout_caves, basic_altar
Orc:2:    st_orc_ogre_mass, layout_caves, serial_shops, nicolae_shop_crystal,
          david_defended_altar_orc, uniq_rupert

Skill      XL: |  1  2  3  4  5  6  7  8  9 10 11 12 13 14 15 |
---------------+----------------------------------------------+-----
Long Blades    | 4 5 6 7 8 10 11 12 13 14 16 | 16.1
Fighting       | 4 5 6 7 8 9 13 14 15 16 | 16.2
Armour         | 1 2 3 4 6 7 9 10 12 13 | 13.0
Dodging        | 4 5 7 8 9 10 11 12 13 | 13.5
Ranged Weapons | 2 6 |  6.1
Invocations    | 1 |  1.8
Stealth        | |  2.0

Action                     |  1- 3 |  4- 6 |  7- 9 | 10-12 | 13-15 || total
---------------------------+-------+-------+-------+-------+-------++-------
  Melee: Falchion          |    86 |    91 |   265 |    92 |       ||   534
         Kick              |    12 |    25 |    82 |   215 |   552 ||   886
         Peck              |     9 |    18 |    58 |   126 |   356 ||   567
         Quarterstaff      |       |    14 |       |       |       ||    14
         Punch             |       |       |     1 |     7 |    33 ||    41
         Scimitar          |       |       |       |   456 |  1287 ||  1743
         Rapier            |       |       |       |       |     7 ||     7
   Fire: Longbow           |       |       |     8 |    46 |    69 ||   123
  Throw: Throwing net      |       |       |       |     2 |       ||     2
    Use: Scroll            |    12 |     1 |     4 |    12 |     7 ||    36
         Potion            |       |     1 |     1 |     4 |     4 ||    10
   Stab: Sleeping          |     8 |       |     1 |     2 |     2 ||    13
         Distracted        |       |       |       |     1 |     1 ||     2
         Petrified         |       |       |       |       |    10 ||    10
         Petrifying        |       |       |       |       |     1 ||     1
 Armour: Robe              |    11 |       |       |       |       ||    11
         Leather armour    |     9 |       |       |       |       ||     9
         Scale mail        |     3 |    65 |    80 |       |       ||   148
         Acid dragon scale |       |       |    31 |   172 |   570 ||   773
  Dodge: Dodged            |    51 |    57 |   185 |   486 |  1950 ||  2729

Table legend: (Time is in decaauts)
 A = Elapsed time spent in this place.
 B = Non-inter-level travel time spent in this place.
 C = Inter-level travel time spent in this place.
 D = Time resting spent in this place.
 E = Time spent auto-exploring this place.
 F = Levels seen in this place.
 G = Mean time per level.
                   A        B        C        D        E       F      G
               +--------+--------+--------+--------+--------+-----+--------+
         Total |  15744 |  15011 |    733 |    681 |   9802 |  21 |  749.7 |
       Dungeon |   9355 |   8879 |    476 |    378 |   6218 |  12 |  779.6 |
        Temple |      1 |      1 |      0 |      0 |      0 |   1 |    1.0 |
          Lair |   5320 |   5085 |    235 |    229 |   3079 |   5 | 1064.0 |
  Orcish Mines |    815 |    795 |     20 |     74 |    372 |   2 |  407.5 |
         Sewer |    251 |    251 |      0 |      0 |    132 |   1 |  251.0 |
               +--------+--------+--------+--------+--------+-----+--------+

Top non-repeatable levels by time:
  Lair:3: 1435 daAuts
  Lair:5: 1289 daAuts
    D:10: 1151 daAuts
  Lair:4: 1097 daAuts
     D:6: 1001 daAuts
     D:1: 976 daAuts
     D:8: 966 daAuts
     D:5: 962 daAuts
  Lair:1: 861 daAuts
     D:3: 750 daAuts
     D:2: 732 daAuts
     D:9: 729 daAuts
  Lair:2: 637 daAuts
    D:11: 622 daAuts
    D:12: 590 daAuts
